[Event "ESP-ch Rapid 2018"]
[Site "Linares"]
[Date "2018.08.19"]
[Round "1"]
[White "Meler Tevar, Sergio"]
[Black "Vinuela Diaz, Saul"]
[Result "0-1"]
[ECO "A46"]
[WhiteElo "1807"]
[BlackElo "2216"]
[Annotator "NA"]
[PlyCount "48"]
[EventDate "2018.08.19"]
[EventType "team-tourn"]
[EventCountry "ESP"]
[SourceTitle "playchess.com"]
[Source "ChessBase"]
[SourceQuality "1"]
[TimeControl "900+5"]

1. Nf3 Nf6 2. d4 e6 3. e3 c5 4. c4 d5 5. Nc3 Nc6 6. cxd5 Nxd5 7. Bc4 cxd4 8. Nxd4 Bb4 9. Nxc6 bxc6 10. Bd2 O-O 11. O-O Bd6 12. Qf3 Qh4 13. h3 Qxc4 14. e4 Nxc3 15. Bxc3 e5 16. Rfd1 Qe6 17. Rac1 Ba6 18. Ba5 Be7 19. a3 Rfc8 20. Rc3 Rab8 21. Qe3 c5 22. Qd2 g6 23. Rf3 Bb7 24. Re3 Bg5 0-1

[Event "ESP-ch Rapid 2018"]
[Site "Linares"]
[Date "2018.08.19"]
[Round "1"]
[White "Mendez Martinez, Miguel Angel"]
[Black "Sanchez Jimenez, Juan Carlos"]
[Result "0-1"]
[ECO "A91"]
[WhiteElo "1763"]
[BlackElo "2228"]
[Annotator "NA"]
[PlyCount "58"]
[EventDate "2018.08.19"]
[EventType "team-tourn"]
[EventCountry "ESP"]
[SourceTitle "playchess.com"]
[Source "ChessBase"]
[SourceQuality "1"]
[TimeControl "900+5"]

1. d4 e6 2. c4 f5 3. g3 Nf6 4. Bg2 Be7 5. Nc3 O-O 6. Nf3 d6 7. O-O Ne4 8. Qc2 Nxc3 9. Qxc3 a5 10. b3 Bf6 11. Bb2 Nc6 12. e3 e5 13. dxe5 dxe5 14. Rfd1 Qe8 15. Qd2 Be6 16. Qe2 Qh5 17. Rd2 Rfd8 18. Rad1 Rxd2 19. Rxd2 a4 20. Nd4 Qxe2 21. Nxe2 axb3 22. axb3 Kf7 23. Nc3 e4 24. f3 exf3 25. Bxf3 Ne5 26. Bxb7 Rb8 27. Bd5 Rxb3 28. Bxe6+ Kxe6 29. Nb5 Nf3+ 0-1

[Event "ESP-ch Rapid 2018"]
[Site "Linares"]
[Date "2018.08.19"]
[Round "2"]
[White "Cuevas Fernandez, Jose Alberto"]
[Black "Fernandez Garcia, Jose Miguel"]
[Result "0-1"]
[ECO "D08"]
[WhiteElo "2147"]
[BlackElo "2404"]
[Annotator "ChessBase"]
[PlyCount "71"]
[EventDate "2018.08.19"]
[EventType "team-tourn"]
[EventCountry "ESP"]
[SourceTitle "playchess.com"]
[Source "ChessBase"]
[SourceQuality "1"]
[TimeControl "900+5"]

1. d4 d5 2. c4 e5 3. dxe5 d4 4. Nf3 Nc6 5. a3 Nge7 6. b4 Ng6 7. Bb2 a5 8. b5 Ncxe5 9. Nxe5 Nxe5 10. e3 Be6 11. Qc1 Bc5 12. Be2 Qg5 13. O-O Bh3 14. g3 d3 15. Bd1 Qf5 16. Qc3 Nf3+ 17. Bxf3 Qxf3 18. Qe5+ Be7 19. Qd5 Qe2 20. Nd2 Qxd2 21. Bxg7 Rg8 22. Qxb7 Rd8 23. Rfd1 Qe2 24. Be5 Rd7 25. Qa8+ Bd8 26. Qe4 Re7 27. Qc6+ Kf8 28. Qh6+ Ke8 29. Qc6+ Rd7 30. Qe4 f5 31. Qc6 Rg6 32. Qh1 d2 33. Bd4 Bg4 34. Qg2 Qxd1+ 35. Rxd1 Bxd1 36. f4 0-1

[Event "ESP-ch Rapid 2018"]
[Site "Linares"]
[Date "2018.08.19"]
[Round "3"]
[White "Campos Gambuti, Luis Maria"]
[Black "Alvarez Serrano, Carlos"]
[Result "1/2-1/2"]
[ECO "D01"]
[WhiteElo "2382"]
[BlackElo "2225"]
[Annotator "NA"]
[PlyCount "145"]
[EventDate "2018.08.19"]
[EventType "team-tourn"]
[EventCountry "ESP"]
[SourceTitle "playchess.com"]
[Source "ChessBase"]
[SourceQuality "1"]
[TimeControl "900+5"]

1. d4 d5 2. Nc3 Nf6 3. Bg5 Nbd7 4. Qd3 h6 5. Bh4 c6 6. Nf3 g5 7. Bg3 Bg7 8. h4 g4 9. Ne5 Nh5 10. Nxg4 Nxg3 11. fxg3 Nc5 12. Qf3 Bxd4 13. O-O-O Bg7 14. e4 Bxg4 15. Qxg4 Bxc3 16. bxc3 Nxe4 17. c4 Qa5 18. Rd3 Qxa2 19. Qg7 O-O-O 20. cxd5 cxd5 21. Rb3 f6 22. Qxe7 Rd7 23. Qa3 Qxa3+ 24. Rxa3 Rg8 25. Rxa7 Kb8 26. Ra4 Nxg3 27. Rg1 Nxf1 28. Rxf1 Rxg2 29. Rxf6 Rc7 30. Rf8+ Rc8 31. Ra8+ Kxa8 32. Rxc8+ Ka7 33. Rd8 Rg4 34. Rxd5 Rxh4 35. Rd6 Rh2 36. Kb2 Kb8 37. Rd7 Ka7 38. Rd6 b6 39. Kb3 Ka6 40. Rd5 h5 41. c4 h4 42. Rh5 h3 43. Ka3 Rh1 44. Kb3 h2 45. Kb2 Kb7 46. Rh6 Kc7 47. Ka2 Kd7 48. Kb2 Ke7 49. Ka2 Kf7 50. Kb2 Kg7 51. Rh3 Kg6 52. Rh8 Kf5 53. Ka2 Ke4 54. Kb2 Kd3 55. Rh4 Kd2 56. Rh3 Ke2 57. Ka2 Kf2 58. Rh8 Kg2 59. Rg8+ Kf3 60. Rh8 Kg3 61. Rg8+ Kf4 62. Rh8 Ke5 63. Rh4 Kd6 64. Rh5 Rc1 65. Rxh2 Rxc4 66. Kb3 Rg4 67. Rh5 Kc6 68. Kb2 Rg3 69. Rf5 b5 70. Re5 Kb6 71. Rf5 Ka5 72. Rf4 b4 73. Rf8 1/2-1/2

[Event "ESP-ch Rapid 2018"]
[Site "Linares"]
[Date "2018.08.19"]
[Round "3"]
[White "Domingo Nunez, Alejandro"]
[Black "Beltran De Heredia E, Miguel"]
[Result "1-0"]
[ECO "B21"]
[WhiteElo "2373"]
[BlackElo "2229"]
[Annotator "NA"]
[PlyCount "59"]
[EventDate "2018.08.19"]
[EventType "team-tourn"]
[EventCountry "ESP"]
[SourceTitle "playchess.com"]
[Source "ChessBase"]
[SourceQuality "1"]
[TimeControl "900+5"]

1. e4 c5 2. d4 cxd4 3. c3 Nf6 4. e5 Nd5 5. Nf3 e6 6. cxd4 b6 7. Nc3 Nxc3 8. bxc3 Qc7 9. Bd2 Bb7 10. Bd3 d6 11. O-O Nd7 12. Ng5 dxe5 13. Qh5 g6 14. Qh3 Be7 15. Rae1 Bxg5 16. Bxg5 f5 17. Qh6 Kf7 18. Bb5 Bc6 19. Bxc6 Qxc6 20. dxe5 Qxc3 21. Rc1 Qxe5 22. Rfe1 Qa5 23. Red1 Nc5 24. Rxc5 bxc5 25. Rd7+ Ke8 26. Re7+ Kd8 27. Rxa7+ Kc8 28. Rxa5 Rxa5 29. Qg7 Re8 30. Bf4 1-0

[Event "ESP-ch Rapid 2018"]
[Site "Linares"]
[Date "2018.08.19"]
[Round "3"]
[White "Gomez Sanjuan, Hector Fernando"]
[Black "Matnadze, Ana"]
[Result "0-1"]
[ECO "E10"]
[WhiteElo "2146"]
[BlackElo "2378"]
[Annotator "NA"]
[PlyCount "106"]
[EventDate "2018.08.19"]
[EventType "team-tourn"]
[EventCountry "ESP"]
[SourceTitle "playchess.com"]
[Source "ChessBase"]
[SourceQuality "1"]
[TimeControl "900+5"]

1. d4 Nf6 2. c4 e6 3. Nf3 d5 4. cxd5 exd5 5. Nc3 c6 6. Bg5 Nbd7 7. e3 Be7 8. Bd3 Nf8 9. O-O Ne6 10. Bh4 g6 11. Rb1 a5 12. a3 Ng7 13. b4 axb4 14. axb4 O-O 15. b5 cxb5 16. Rxb5 Ne4 17. Rxd5 Nxc3 18. Rxd8 Nxd1 19. Rxf8+ Kxf8 20. Bxe7+ Kxe7 21. Rxd1 Ra3 22. Bc4 Rc3 23. Bf1 Bf5 24. Ne5 Be4 25. f3 Bd5 26. e4 Ba2 27. d5 Ne8 28. Rd2 Bb3 29. Nd3 Nd6 30. Nc5 Rxc5 31. e5 Nc4 32. Rd3 Ba2 33. f4 b5 34. g3 b4 35. d6+ Kd8 36. Rd4 Ne3 37. Bh3 Rc4 38. Rd3 Nf5 39. Bf1 b3 40. Rd1 Rd4 41. Rxd4 Nxd4 42. Bc4 Bb1 43. Bxf7 b2 44. e6 Nxe6 45. Bxe6 Bf5 46. Ba2 Kd7 47. g4 b1=Q+ 48. Bxb1 Bxb1 49. Kf2 Kxd6 50. Kf3 Kd5 51. h4 Kd4 52. h5 gxh5 53. gxh5 Bf5 0-1

[Event "ESP-ch Rapid 2018"]
[Site "Linares"]
[Date "2018.08.19"]
[Round "3"]
[White "Bento Iglesias, Pablo"]
[Black "Cuevas Fernandez, Jose Alberto"]
[Result "1/2-1/2"]
[ECO "B22"]
[WhiteElo "2007"]
[BlackElo "2147"]
[Annotator "NA"]
[PlyCount "81"]
[EventDate "2018.08.19"]
[EventType "team-tourn"]
[EventCountry "ESP"]
[SourceTitle "playchess.com"]
[Source "ChessBase"]
[SourceQuality "1"]
[TimeControl "900+5"]

1. e4 c5 2. c3 Nf6 3. e5 Nd5 4. d4 cxd4 5. Nf3 e6 6. cxd4 d6 7. Bc4 Nc6 8. O-O Be7 9. Qe2 Nb6 10. Bb3 a5 11. exd6 Qxd6 12. Nc3 O-O 13. Nb5 Qd7 14. a4 Bf6 15. Bf4 Nd5 16. Bxd5 exd5 17. Rfe1 Qf5 18. Bd6 Be6 19. Bxf8 Rxf8 20. Nd6 Qf4 21. Nxb7 Bg4 22. Qe3 Qb8 23. Nc5 Bxf3 24. Qxf3 Nxd4 25. Qxd5 Nc2 26. Nd7 Qd8 27. Nxf6+ Qxf6 28. Qxa5 Nxa1 29. Rxa1 Qxb2 30. Re1 h6 31. g3 Rc8 32. Qf5 Qc3 33. Re7 Rf8 34. Qd5 Qf6 35. Qe5 Qc6 36. a5 Ra8 37. Rc7 Qf3 38. Re7 Qc6 39. Rc7 Qf3 40. Rc3 Qb7 41. Rc7 1/2-1/2

[Event "ESP-ch Rapid 2018"]
[Site "Linares"]
[Date "2018.08.19"]
[Round "3"]
[White "Alonso, Jose Antonio"]
[Black "Cuesta Bustos, Raul"]
[Result "0-1"]
[ECO "C02"]
[WhiteElo "1920"]
[BlackElo "2126"]
[Annotator "NA RC"]
[PlyCount "136"]
[EventDate "2018.08.19"]
[EventType "team-tourn"]
[EventCountry "ESP"]
[SourceTitle "playchess.com"]
[Source "ChessBase"]
[SourceQuality "1"]
[TimeControl "900+5"]

1. e4 e6 2. d4 d5 3. e5 c5 4. c3 Qb6 5. Nf3 Nc6 6. Bd3 Bd7 7. Bc2 cxd4 8. cxd4 Nb4 9. O-O Nxc2 10. Qxc2 Rc8 11. Nc3 Ne7 12. Be3 Nf5 13. a3 Be7 14. Rac1 O-O 15. Qd2 Rc4 16. g4 Nxe3 17. fxe3 f5 18. g5 Rfc8 19. Qf2 Bxa3 20. Nxd5 Qxb2 21. Qxb2 Bxb2 22. Rb1 exd5 23. Rxb2 b6 24. Rff2 Rc3 25. Rfe2 f4 26. Kf2 Bg4 27. Rb5 Rxe3 28. Rxe3 fxe3+ 29. Kg3 Be6 30. Rb3 e2 31. Kf2 Rc2 32. Ne1 Rc4 33. Ke3 Kf7 34. Rb2 Bg4 35. h3 Rc3+ 36. Kd2 Rxh3 37. Rc2 a5 38. Rb2 a4 39. Rxb6 a3 40. Ra6 Rb3 41. Ng2 Rb1 42. Rxa3 Rd1+ 43. Ke3 e1=Q+ 44. Nxe1 Rxe1+ 45. Kf4 Re4+ 46. Kg3 Rxd4 47. Ra7+ Kg6 48. Ra6+ Kxg5 49. Ra7 g6 50. Rxh7 Re4 51. Re7 Kf5 52. e6 Rxe6 53. Rd7 Re5 54. Rd6 g5 55. Rd8 Re3+ 56. Kg2 Ke4 57. Rg8 Bf3+ 58. Kf1 g4 59. Kf2 Kd3 60. Rg5 d4 61. Ra5 Re2+ 62. Kf1 Ke4 63. Ra4 g3 64. Ra1 d3 65. Ra4+ Ke3 66. Ra1 Rd2 67. Re1+ Be2+ 68. Kg1 Rd1 0-1

[Event "ESP-ch Rapid 2018"]
[Site "Linares"]
[Date "2018.08.19"]
[Round "4"]
[White "Gonzalez Fernandez, Manuel Jesus"]
[Black "Ruiz Casado, Francisco Javier"]
[Result "0-1"]
[ECO "B06"]
[WhiteElo "1340"]
[BlackElo "1975"]
[Annotator "NA RC"]
[PlyCount "132"]
[EventDate "2018.08.19"]
[EventType "team-tourn"]
[EventCountry "ESP"]
[SourceTitle "playchess.com"]
[Source "ChessBase"]
[SourceQuality "1"]
[TimeControl "900+5"]

1. e4 g6 2. d4 Bg7 3. Nf3 c6 4. Nc3 d5 5. exd5 cxd5 6. Bd3 Nf6 7. O-O Bg4 8. h3 Bxf3 9. Qxf3 O-O 10. Bf4 Nc6 11. Be3 Nb4 12. Qe2 Rc8 13. a3 Nxd3 14. Qxd3 Qb6 15. Rab1 Qc6 16. Rfc1 Rfd8 17. Qb5 Rd7 18. f3 Qxb5 19. Nxb5 a6 20. Nc3 Rdc7 21. g4 e6 22. Kf2 Ne8 23. Ke2 Rc6 24. Kd3 Nd6 25. Bf2 Bh6 26. Be3 Bxe3 27. Kxe3 Nc4+ 28. Ke2 Nxb2 29. Nxd5 Rxc2+ 30. Rxc2 Rxc2+ 31. Ke3 exd5 32. f4 b5 33. h4 Nc4+ 34. Kd3 Rf2 35. a4 Rxf4 36. Ke2 Rxd4 37. axb5 axb5 38. Rxb5 Rxg4 39. Rxd5 Rxh4 40. Kf3 Kg7 41. Kg3 Re4 42. Kf3 Re6 43. Rd4 Ne5+ 44. Kf4 Kf6 45. Rd1 g5+ 46. Kg3 Ng6 47. Rf1+ Nf4 48. Kg4 Kg6 49. Kg3 h5 50. Rf2 Re3+ 51. Kh2 Re2 52. Rxe2 Nxe2 53. Kg2 h4 54. Kh3 Kh5 55. Kh2 Kg4 56. Kh1 Nd4 57. Kg2 h3+ 58. Kh2 Kh4 59. Kh1 Kg3 60. Kg1 Kf3 61. Kh2 g4 62. Kh1 g3 63. Kg1 g2 64. Kh2 Ne2 65. Kxh3 g1=Q 66. Kh4 Qg4# 0-1

[Event "ESP-ch Rapid 2018"]
[Site "Linares"]
[Date "2018.08.19"]
[Round "5"]
[White "Salgado Lopez, Ivan"]
[Black "Ibarra Jerez, Jose Carlos"]
[Result "0-1"]
[ECO "C70"]
[WhiteElo "2643"]
[BlackElo "2570"]
[Annotator "RC"]
[PlyCount "98"]
[EventDate "2018.08.19"]
[EventType "team-tourn"]
[EventCountry "ESP"]
[SourceTitle "playchess.com"]
[Source "ChessBase"]
[SourceQuality "1"]
[TimeControl "900+5"]

1. e4 e5 2. Nf3 Nc6 3. Bb5 a6 4. Ba4 g6 5. c3 d6 6. O-O Bg7 7. Re1 Nf6 8. d3 O-O 9. h3 Bd7 10. Be3 h6 11. Nbd2 Re8 12. Bb3 Na5 13. Bc2 d5 14. b4 Nc6 15. Nb3 b6 16. a4 Qc8 17. Bd2 Qb7 18. a5 Rad8 19. Qc1 Kh7 20. Qa3 Bc8 21. Rad1 Be6 22. axb6 cxb6 23. Be3 Bf8 24. Qa1 Bg7 25. Qa4 Bd7 26. Qa3 Bf8 27. Qb2 Bg7 28. Qb1 Na7 29. c4 d4 30. Bd2 Bf8 31. Nc1 b5 32. c5 a5 33. bxa5 Bxc5 34. Bb3 Bc8 35. Na2 Nc6 36. Rc1 Ba3 37. Rc2 Be6 38. Bxe6 Rxe6 39. Qb3 Bf8 40. Rec1 Ra8 41. Kh2 Ra7 42. Rb1 b4 43. Nxb4 Nxa5 44. Qa2 Rb6 45. Nxe5 Bxb4 46. Bxb4 Rxb4 47. Rxb4 Qxb4 48. Rb2 Qd6 49. f4 Nc6 0-1

[Event "ESP-ch Rapid 2018"]
[Site "Linares"]
[Date "2018.08.19"]
[Round "5"]
[White "Merario Alarcon, Andres"]
[Black "Cabrera Ruiz, Luis"]
[Result "1-0"]
[ECO "A00"]
[WhiteElo "2406"]
[BlackElo "2122"]
[Annotator "NA"]
[PlyCount "99"]
[EventDate "2018.08.19"]
[EventType "team-tourn"]
[EventCountry "ESP"]
[SourceTitle "playchess.com"]
[Source "ChessBase"]
[SourceQuality "1"]
[TimeControl "900+5"]

1. e3 f5 2. Nf3 Nf6 3. d4 g6 4. c4 Bg7 5. Be2 O-O 6. O-O d6 7. b4 c5 8. a3 Ne4 9. Bb2 Nd7 10. Qc2 b6 11. dxc5 bxc5 12. Bxg7 Kxg7 13. b5 e6 14. Nc3 Ndf6 15. Rfd1 Qa5 16. Nxe4 Nxe4 17. Nd2 Nf6 18. Nb3 Qc7 19. Bf3 Rb8 20. Rd3 Bb7 21. Bxb7 Rxb7 22. Rad1 Rd8 23. Qc3 Kf7 24. Na5 Rb6 25. Nc6 Rxc6 26. bxc6 Qxc6 27. f3 g5 28. Qa5 Rd7 29. a4 g4 30. Qb5 Qxb5 31. axb5 d5 32. Ra1 Kg6 33. Rda3 dxc4 34. Rxa7 Rd2 35. R7a2 Rd3 36. Rb1 Rb3 37. Rab2 Nd5 38. Rxb3 cxb3 39. Rxb3 c4 40. Rb1 Nb6 41. Kf1 gxf3 42. gxf3 Kf6 43. Ra1 Ke5 44. Ra6 Nd5 45. Kf2 Nb4 46. Ra4 Nd3+ 47. Ke2 Kd5 48. b6 Nc5 49. Ra5 Kc6 50. Rxc5+ {[%emt 0:00:11] Kd5} 1-0

[Event "ESP-ch Rapid 2018"]
[Site "Linares"]
[Date "2018.08.19"]
[Round "5"]
[White "Camacho Collados, Marcos"]
[Black "Sanjuan Garcia, Miguel"]
[Result "1-0"]
[ECO "A48"]
[WhiteElo "2393"]
[BlackElo "2115"]
[Annotator "NA"]
[PlyCount "41"]
[EventDate "2018.08.19"]
[EventType "team-tourn"]
[EventCountry "ESP"]
[SourceTitle "playchess.com"]
[Source "ChessBase"]
[SourceQuality "1"]
[TimeControl "900+5"]

1. d4 Nf6 2. Nf3 g6 3. Bg5 Bg7 4. Nbd2 d5 5. e3 O-O 6. Bd3 c5 7. c3 Nc6 8. O-O b6 9. Qe2 Bb7 10. dxc5 bxc5 11. e4 e5 12. exd5 Qxd5 13. Rfd1 Qe6 14. Ne4 Nxe4 15. Bxe4 Na5 16. Nd2 Rab8 17. Bxb7 Rxb7 18. Ne4 Qb6 19. Rab1 Rc7 20. Bd8 f5 21. Ng5 1-0

[Event "ESP-ch Rapid 2018"]
[Site "Linares"]
[Date "2018.08.19"]
[Round "5"]
[White "Suarez Uriel, Adrian"]
[Black "Cuevas Fernandez, Jose Alberto"]
[Result "0-1"]
[ECO "B40"]
[WhiteElo "2391"]
[BlackElo "2147"]
[Annotator "NA"]
[PlyCount "62"]
[EventDate "2018.08.19"]
[EventType "team-tourn"]
[EventCountry "ESP"]
[SourceTitle "playchess.com"]
[Source "ChessBase"]
[SourceQuality "1"]
[TimeControl "900+5"]

1. e4 c5 2. Nf3 e6 3. b3 b6 4. Bb2 Bb7 5. Qe2 Nc6 6. Nc3 a6 7. O-O-O Nd4 8. Qe3 Nxf3 9. gxf3 Qc7 10. Kb1 Nf6 11. Ne2 d5 12. Bxf6 gxf6 13. exd5 Bxd5 14. Nf4 Bb7 15. Nh5 O-O-O 16. Nxf6 Bg7 17. Qg5 Bxf6 18. Qxf6 Rhg8 19. Bd3 Rg2 20. Rhg1 Rxf2 21. Rg3 b5 22. Bxh7 c4 23. bxc4 Qxc4 24. f4 Rxf4 25. Qe5 Qc7 26. Rc3 Rc4 27. Rxc4 Qxc4 28. Bd3 Qb4+ 29. Ka1 Bd5 30. Rf1 Qxd2 31. Rxf7 Qc1# {[%emt 0:00:03] Rf1 Qd2} 0-1

[Event "ESP-ch Rapid 2018"]
[Site "Linares"]
[Date "2018.08.19"]
[Round "5"]
[White "Vega Gutierrez, Sabrina"]
[Black "Buendia Pinar, Alvaro"]
[Result "0-1"]
[ECO "B12"]
[WhiteElo "2390"]
[BlackElo "2278"]
[Annotator "NA"]
[PlyCount "110"]
[EventDate "2018.08.19"]
[EventType "team-tourn"]
[EventCountry "ESP"]
[SourceTitle "playchess.com"]
[Source "ChessBase"]
[SourceQuality "1"]
[TimeControl "900+5"]

1. e4 c6 2. d4 d5 3. e5 c5 4. dxc5 e6 5. a3 Bxc5 6. b4 Bb6 7. Bb2 Ne7 8. Nf3 Nbc6 9. Bd3 Ng6 10. O-O Bc7 11. Re1 O-O 12. Nbd2 b6 13. c4 Nce7 14. cxd5 Nxd5 15. Be4 Bb7 16. Rc1 Qe7 17. h4 Rac8 18. g3 Rfd8 19. h5 Nf8 20. Qe2 Bb8 21. Nb3 h6 22. Nbd4 Qd7 23. b5 Rxc1 24. Rxc1 Rc8 25. Rxc8 Qxc8 26. a4 Nd7 27. Bc2 Nb4 28. Bb1 Nf8 29. Qd2 Nd5 30. Qd3 Nb4 31. Qb3 Nd5 32. Be4 Ne7 33. Bxb7 Qxb7 34. Ba3 Nd5 35. Qc4 Nd7 36. Qc6 Qxc6 37. Nxc6 f6 38. Bd6 Bxd6 39. exd6 Nc3 40. Nxa7 Nxa4 41. Nd4 Kf7 42. f4 e5 43. Ndc6 Ke6 44. Nc8 Nc3 45. N6a7 exf4 46. gxf4 Ne4 47. Kg2 Nxd6 48. Nxd6 Kxd6 49. Kf3 f5 50. Ke3 Kc5 51. Kd3 Nf6 52. Nc8 Nxh5 53. Ke3 Nf6 54. Kf3 Nd5 55. Kg3 g5 0-1

[Event "ESP-ch Rapid 2018"]
[Site "Linares"]
[Date "2018.08.19"]
[Round "5"]
[White "Campos Gambuti, Luis Maria"]
[Black "Garcia Cuenca, Victor"]
[Result "1/2-1/2"]
[ECO "A46"]
[WhiteElo "2382"]
[BlackElo "2351"]
[Annotator "NA"]
[PlyCount "112"]
[EventDate "2018.08.19"]
[EventType "team-tourn"]
[EventCountry "ESP"]
[SourceTitle "playchess.com"]
[Source "ChessBase"]
[SourceQuality "1"]
[TimeControl "900+5"]

1. d4 Nf6 2. Nf3 c5 3. c3 e6 4. Bf4 b6 5. e3 Bb7 6. Nbd2 Be7 7. h3 O-O 8. Bd3 d5 9. Ne5 Nc6 10. Qb1 h6 11. O-O Nxe5 12. Bxe5 a5 13. a4 Ba6 14. Bxa6 Rxa6 15. Qd3 Ra7 16. Qb5 Ne8 17. Rfd1 Bd6 18. c4 Bxe5 19. dxe5 Qb8 20. cxd5 exd5 21. Nf3 Nc7 22. Qc6 Rd8 23. Ra3 Qb7 24. Qxb7 Rxb7 25. Rc3 Na6 26. Nd2 Rbd7 27. Nf3 Kf8 28. g4 Ke7 29. Rcd3 Ke6 30. R3d2 Nb4 31. Nh4 Kxe5 32. f4+ Kf6 33. e4 g6 34. e5+ Kg7 35. Nf3 d4 36. Kf2 Nd5 37. Kg3 Ne3 38. Rc1 c4 39. Kf2 Kf8 40. Rxd4 Nxg4+ 41. hxg4 Rxd4 42. Nxd4 Rxd4 43. Ke3 Rd3+ 44. Ke4 Rb3 45. Rxc4 Rxb2 46. Rc8+ Ke7 47. Rc7+ Ke8 48. f5 Rb4+ 49. Kd5 Rxg4 50. f6 Rg1 51. Re7+ Kf8 52. Rb7 Rd1+ 53. Kc6 Rc1+ 54. Kd7 Rd1+ 55. Kc6 Rc1+ 56. Kd7 Rd1+ 1/2-1/2

[Event "ESP-ch Rapid 2018"]
[Site "Linares"]
[Date "2018.08.19"]
[Round "5"]
[White "Domingo Nunez, Alejandro"]
[Black "Ladron De Guevara Pinto, Paolo"]
[Result "0-1"]
[ECO "A07"]
[WhiteElo "2373"]
[BlackElo "2424"]
[Annotator "NA"]
[PlyCount "64"]
[EventDate "2018.08.19"]
[EventType "team-tourn"]
[EventCountry "ESP"]
[SourceTitle "playchess.com"]
[Source "ChessBase"]
[SourceQuality "1"]
[TimeControl "900+5"]

1. Nf3 d5 2. g3 Nf6 3. Bg2 c6 4. O-O Bg4 5. b3 Nbd7 6. Bb2 e6 7. c4 Be7 8. d3 O-O 9. Nbd2 a5 10. a3 Qb6 11. Qc2 Bh5 12. e4 dxe4 13. dxe4 Rfd8 14. h3 Nc5 15. g4 Bg6 16. Bd4 Qc7 17. Rfe1 Nfd7 18. Qc3 f6 19. Nh4 Bf7 20. b4 Na4 21. Qb3 Ndc5 22. Qe3 Na6 23. e5 Rxd4 24. Qxd4 fxe5 25. Qxe5 Bxh4 26. g5 h6 27. Nf3 Bxg5 28. Nxg5 hxg5 29. b5 cxb5 30. cxb5 Qxe5 31. Rxe5 N6c5 32. Rc1 Nd3 0-1

[Event "ESP-ch Rapid 2018"]
[Site "Linares"]
[Date "2018.08.19"]
[Round "5"]
[White "Lianes Garcia, Marcos"]
[Black "Cuenca Jimenez, Jose Fernando"]
[Result "1-0"]
[ECO "C41"]
[WhiteElo "2340"]
[BlackElo "2506"]
[Annotator "ChessBase"]
[PlyCount "55"]
[EventDate "2018.08.19"]
[EventType "team-tourn"]
[EventCountry "ESP"]
[SourceTitle "playchess.com"]
[Source "ChessBase"]
[SourceQuality "1"]
[TimeControl "900+5"]

1. e4 d6 2. d4 Nf6 3. Nc3 e5 4. Nf3 Nbd7 5. Bc4 Be7 6. dxe5 dxe5 7. Bxf7+ Kxf7 8. Ng5+ Kg8 9. Ne6 Qe8 10. Nxc7 Qg6 11. Nxa8 Qxg2 12. Rf1 Nf8 13. Nc7 h6 14. Qe2 Bh3 15. Be3 Qxh2 16. O-O-O Bxf1 17. Rxf1 Ng6 18. Bxa7 Kh7 19. Kb1 Nf4 20. Qb5 Qg2 21. Re1 Ng6 22. Qxb7 h5 23. N7d5 Nxd5 24. Nxd5 Bg5 25. a4 h4 26. f4 exf4 27. Rg1 Qxe4 28. Nf6+ 1-0

[Event "ESP-ch Rapid 2018"]
[Site "Linares"]
[Date "2018.08.19"]
[Round "5"]
[White "Blanco Acevedo, Cristobal Jose"]
[Black "Alvarez Serrano, Carlos"]
[Result "1-0"]
[ECO "A14"]
[WhiteElo "2336"]
[BlackElo "2225"]
[Annotator "NA"]
[PlyCount "59"]
[EventDate "2018.08.19"]
[EventType "team-tourn"]
[EventCountry "ESP"]
[SourceTitle "playchess.com"]
[Source "ChessBase"]
[SourceQuality "1"]
[TimeControl "900+5"]

1. g3 Nf6 2. Bg2 d5 3. c4 e6 4. Nf3 Be7 5. O-O O-O 6. b3 d4 7. d3 c5 8. e4 Nc6 9. e5 Nd7 10. Re1 f6 11. exf6 Nxf6 12. Nbd2 Qc7 13. Ng5 e5 14. Nde4 Nxe4 15. Bxe4 Bxg5 16. Bxg5 Bf5 17. Bd5+ Kh8 18. a3 Rae8 19. Ra2 Be6 20. Bg2 Qf7 21. Rf1 Bf5 22. f4 Qg6 23. Rd2 e4 24. g4 Bxg4 25. Qxg4 h6 26. Bxe4 Rxe4 27. dxe4 hxg5 28. f5 Qf6 29. Rg2 Re8 30. Qh5+ 1-0

[Event "ESP-ch Rapid 2018"]
[Site "Linares"]
[Date "2018.08.19"]
[Round "5"]
[White "Martin Rueda, Daniel"]
[Black "Tejedor Fuente, Enrique"]
[Result "1-0"]
[ECO "A45"]
[WhiteElo "2267"]
[BlackElo "2408"]
[Annotator "NA"]
[PlyCount "59"]
[EventDate "2018.08.19"]
[EventType "team-tourn"]
[EventCountry "ESP"]
[SourceTitle "playchess.com"]
[Source "ChessBase"]
[SourceQuality "1"]
[TimeControl "900+5"]

1. d4 Nf6 2. Bg5 Ne4 3. Bf4 d5 4. e3 c5 5. Bd3 cxd4 6. Bxe4 dxe4 7. exd4 Nc6 8. Ne2 Bg4 9. Nbc3 f5 10. Qd2 e5 11. dxe5 Qxd2+ 12. Bxd2 Nxe5 13. Nb5 Rc8 14. Bc3 a6 15. Bxe5 axb5 16. c3 b4 17. Nf4 bxc3 18. bxc3 Kf7 19. h3 Re8 20. Bd4 Bd6 21. hxg4 Bxf4 22. gxf5 e3 23. Rb1 exf2+ 24. Kxf2 Re7 25. Rb6 Bc7 26. Rb5 Ra8 27. Rxh7 Kg8 28. f6 Rf8 29. Rbh5 Ree8 30. Rxg7# 1-0

[Event "ESP-ch Rapid 2018"]
[Site "Linares"]
[Date "2018.08.19"]
[Round "5"]
[White "Carretero Ortiz, Francisco"]
[Black "Crespo Ruiz, Manuel Maria"]
[Result "1/2-1/2"]
[ECO "B01"]
[WhiteElo "2241"]
[BlackElo "2026"]
[Annotator "NA"]
[PlyCount "118"]
[EventDate "2018.08.19"]
[EventType "team-tourn"]
[EventCountry "ESP"]
[SourceTitle "playchess.com"]
[Source "ChessBase"]
[SourceQuality "1"]
[TimeControl "900+5"]

1. e4 d5 2. Nc3 dxe4 3. Nxe4 Qd5 4. Qf3 c6 5. Nc3 Qxf3 6. Nxf3 Nf6 7. Bc4 Bf5 8. O-O e6 9. Re1 Nbd7 10. Nd4 Bg6 11. f4 Bc5 12. Nce2 Nb6 13. Bb3 O-O-O 14. c3 Bd3 15. Kh1 h5 16. Bc2 Ne4 17. Bxd3 Nf2+ 18. Kg1 Nxd3 19. Rf1 Nc4 20. b4 Bb6 21. a4 Nxc1 22. Rfxc1 Nxd2 23. a5 Bxd4+ 24. Nxd4 Rxd4 25. cxd4 Nb3 26. Rcb1 Nxa1 27. Rxa1 Rd8 28. Rd1 Rd5 29. Kf2 Kc7 30. Ke3 Kd6 31. Kd3 g5 32. fxg5 Rxg5 33. g3 f6 34. Rf1 Rg6 35. Ke4 Rg4+ 36. Ke3 f5 37. Rf2 Re4+ 38. Kd3 Kd5 39. Rf4 b6 40. axb6 axb6 41. Rxe4 fxe4+ 42. Ke3 e5 43. dxe5 Kxe5 44. h3 c5 45. bxc5 bxc5 46. g4 hxg4 47. hxg4 c4 48. g5 c3 49. g6 c2 50. Kd2 Kf6 51. Kxc2 Kxg6 52. Kd2 Kf5 53. Ke3 Ke5 54. Ke2 Kd4 55. Kd2 e3+ 56. Ke2 Ke4 57. Ke1 Kf3 58. Kf1 e2+ 59. Ke1 Ke3 1/2-1/2

[Event "ESP-ch Rapid 2018"]
[Site "Linares"]
[Date "2018.08.19"]
[Round "5"]
[White "Silva Rodriguez, Fernando"]
[Black "Lopez Gonzalez, Alfonso"]
[Result "1-0"]
[ECO "D63"]
[WhiteElo "2239"]
[BlackElo "2063"]
[Annotator "NA"]
[PlyCount "103"]
[EventDate "2018.08.19"]
[EventType "team-tourn"]
[EventCountry "ESP"]
[SourceTitle "playchess.com"]
[Source "ChessBase"]
[SourceQuality "1"]
[TimeControl "900+5"]

1. d4 e6 2. c4 d5 3. Nf3 Nf6 4. Nc3 Be7 5. Bg5 Nbd7 6. e3 O-O 7. Rc1 a6 8. cxd5 exd5 9. Bd3 c6 10. Qc2 Re8 11. O-O Nf8 12. h3 Ne4 13. Bf4 Ng5 14. Ne5 f6 15. Ng4 Nge6 16. Bg3 Bd6 17. Bh2 Bb4 18. Bg3 Bd6 19. f4 Nc7 20. Qf2 Bd7 21. f5 Bxg3 22. Qxg3 Kh8 23. Ne2 b6 24. Nf4 Nb5 25. Qh4 Nd6 26. Nh5 Ne4 27. Bxe4 Rxe4 28. Rf3 Qe7 29. Ng3 Re8 30. Nxe4 dxe4 31. Rf2 Rd8 32. Rfc2 Be8 33. Nf2 Bd7 34. Qf4 Rc8 35. Rc3 Qb4 36. b3 Qa5 37. Nxe4 Qxa2 38. Nd6 Ra8 39. Nc4 b5 40. Nb6 Re8 41. Nxd7 Nxd7 42. Qd6 Nf8 43. Qxc6 Rd8 44. Qc7 Re8 45. Qc6 Rd8 46. Qe4 Qa5 47. Rc8 h5 48. Qe7 Rxc8 49. Rxc8 Qe1+ 50. Kh2 Kh7 51. Qxf8 Kh6 52. Qf7 1-0